 Dungeon Crawl Stone Soup version 0.27.1 (webtiles) character file.

Game seed: 547441562940409606

107 Kold the Shield-Bearer (level 5, -10/41 HPs)
             Began as a Formicid Fighter on Sept 3, 2021.
             Killed by nerve-wracking pain
             ... invoked by an orc priest
              (11 damage)
             ... on level 3 of the Dungeon.
             The game lasted 00:02:39 (2575 turns).

Kold the Shield-Bearer (Formicid Fighter)           Turns: 2575, Time: 00:02:39

Health: -10/41     AC:  6    Str: 21    XL:     5   Next: 11%
Magic:  5/5        EV:  8    Int:  8    God:
Gold:   161        SH:  9    Dex: 10    Spells: 4/4 levels left

rFire    . . .     SeeInvis +   a - +0 long sword
rCold    . . .     Faith    .   c - +0 kite shield
rNeg     . . .     Spirit   .   b - +0 scale mail
rPois    .         Reflect  .   (helmet unavailable)
rElec    .         Harm     .   (no cloak)
rCorr    .         Rampage  .   (no gloves)
Will     .....                  (no boots)
Stlth    ..........             (no amulet)
HPRegen  0.13/turn              (no ring)
MPRegen  0.09/turn              (no ring)

@: no status effects
A: permanent stasis, dig shafts and tunnels, antennae 3, four strong arms
a: Dig, Shaft Self


You were on level 3 of the Dungeon.
You visited 1 branch of the dungeon, and saw 3 of its levels.

You collected 161 gold pieces.

Inventory:

Hand Weapons
 a - a +0 long sword (weapon)
 f - a +0 falchion
Armour
 b - a +0 scale mail (worn)
 c - a +0 kite shield (worn)
Scrolls
 i - a scroll of identify {unknown}
 j - a scroll of holy word {unknown}
 k - a scroll of immolation {unknown}
 l - a scroll of enchant armour {unknown}
 m - 2 scrolls of noise {unknown}
Potions
 d - 3 potions of might
 e - 3 potions of flight {unknown}
 g - a potion of curing {unknown}
 h - a potion of heal wounds {unknown}


   Skills:
 - Level 3.2 Fighting
 * Level 4.2 Long Blades
 - Level 3.2 Armour
 + Level 4.7 Shields


You had 4 spell levels left.
You didn't know any spells.
Your spell library was empty.

Dungeon Overview and Level Annotations

Branches:
Dungeon (3/15)

Altars:


Innate Abilities, Weirdness & Mutations

You cannot be hasted, slowed, berserked, paralysed or teleported.
You can dig through walls and to a lower floor.
You have a pair of large antennae on your head. (SInv)
Your four strong arms can wield two-handed weapons with a shield.


Message History

The orc is heavily wounded.
You block the orc's attack.
You hit the orc but do no damage.
The orc is heavily wounded.
You block the orc's attack. The orc hits you with a +0 club.
You barely miss the orc.
The orc is heavily wounded.
You block the orc's attack.
You barely miss the orc.
The orc is heavily wounded.
You block the orc's attack.
You hit the orc.
The orc is heavily wounded.
The orc hits you but does no damage.
You closely miss the orc.
The orc is heavily wounded.
The orc hits you but does no damage. You block the orc's attack.
You hit the orc.
The orc is almost dead.
You block the orc's attack.
You hit the orc.
You kill the orc!
You hit the orc priest but do no damage.
The orc priest mumbles some strange prayers to Beogh against you.
Pain shoots through your body! The orc priest barely misses you.
You slash the orc priest!
The orc priest is almost dead.
You block the orc priest's attack.
You closely miss the orc priest.
The orc priest is almost dead.
The orc priest hits you with a +1 whip of flaming.
The orc priest burns you.
The orc priest invokes the aid of Beogh against you.
Beogh smites you!
* * * LOW HITPOINT WARNING * * *
You closely miss the orc priest.
The orc priest is almost dead.
The orc priest calls down the wrath of Beogh upon you.
Pain shoots through your body!
You die...

......# #...#
...#### o{.#
##.# o..# # .#
##.# .# ##.{#
.# #.{{## .###
####.##{## ....
###....###o#
#.##...#####@##
#.#..### ###
#...###
####....#
##....##.#
##..#### .#
#..## . #.## ##
..#########


You could see an orc priest.

Vanquished Creatures
  2 adders (D:2)
  A worm (D:2)
  2 dart slugs (D:1)
  An orc (D:3)
  7 endoplasms
  6 giant cockroaches
  9 goblins
  6 hobgoblins (D:1)
  6 jackals
  2 quokkas (D:1)
  9 ball pythons
  8 bats
  6 frilled lizards
  2 kobolds (D:2)
  10 rats
77 creatures vanquished.

Vanquished Creatures (others)
  6 fungi (D:1)
  3 plants (D:1)
9 creatures vanquished.

Grand Total: 86 creatures vanquished

Notes
Turn   | Place    | Note
-------+----------+-------------------------------------------
     0 | D:1      | Kold the Formicid Fighter began the quest for the Orb.
     0 | D:1      | Reached XP level 1. HP: 18/18 MP: 1/1
    58 | D:1      | Reached XP level 2. HP: 24/24 MP: 2/2
   129 | D:1      | Reached XP level 3. HP: 22/29 MP: 3/3
   227 | D:1      | Found a faded altar of an unknown god.
  1066 | D:2      | Reached XP level 4. HP: 25/35 MP: 4/4
  2343 | D:2      | Reached XP level 5. HP: 41/41 MP: 5/5
  2574 | D:3      | HP: 1/41 [orc priest/divine providence (13)]
  2575 | D:3      | Killed from afar by an orc priest

Illustrated notes

Levels and vault maps discovered:
D:1:      psy_arrival_basics, layout_basic,
          shapermc_ecumenical_altar_hornbeckon, minmay_close_crescents
D:2:      layout_loops_ring, serial_aquarium, aquarium_bridge_long_separate
          [aquarium_subvault_wall, aquarium_subvault_bridge,
          aquarium_subvault_balcony, aquarium_subvault_bridge,
          aquarium_subvault_wall, aquarium_subvault_balcony], aquarium_window_2,
          aquarium_window_2, aquarium_window_corner, aquarium_view_4,
          aquarium_view_2e, aquarium_balcony_1a, minmay_misc_feat_tiny,
          minivault_11, minmay_rat_gold_closets
D:3:      layout_rooms

Skill      XL: |  1  2  3  4 |
---------------+-------------+-----
Shields        | 4 |  4.7
Long Blades    | 3 4 |  4.2
Fighting       | |  3.2
Armour         | |  3.2

Action                   |  1- 3 |  4- 6 || total
-------------------------+-------+-------++-------
Melee: Long sword        |    90 |   139 ||   229
 Abil: Dig               |       |     1 ||     1
Armor: Scale mail        |    39 |    64 ||   103
Dodge: Dodged            |    26 |    60 ||    86
Block: Kite shield       |    63 |    83 ||   146
       Rpst.: Long sword |     9 |    18 ||    27
